 Dungeon Crawl Stone Soup version 0.28.0-53-g5a82cb258f (webtiles) character file.

Game seed: 17270039579317403292

143477 Starlo the Warrior (level 16, -3/159 HPs)
             Began as a Minotaur Fighter on May 20, 2022.
             Was a High Priest of Trog.
             Slain by a ten-headed hydra (8 damage)
             ... on level 4 of the Swamp on May 21, 2022.
             The game lasted 02:12:34 (38039 turns).

Starlo the Warrior (Minotaur Fighter)              Turns: 38039, Time: 02:12:34

Health: -3/159     AC: 21    Str: 28    XL:     16   Next: 82%
Magic:  15/15      EV: 23    Int:  8    God:    Trog [*****.]
Gold:   2017       SH: 20    Dex: 15    Spells: 15/15 levels left

rFire   + + .      SeeInvis .   E - +9 broad axe (vorpal)
rCold   + + .      Faith    .   T - +2 tower shield {reflect}
rNeg    . . .      Spirit   .   b - +4 scale mail of Disappointment {rPois rCorr Int+3}
rPois   +          Reflect  +   p - +2 hat
rElec   .          Harm     .   O - +0 cloak {rC+}
rCorr   +          Rampage  .   A - +0 pair of gloves
Will    +++..                   w - +1 pair of boots
Stlth   ..........              U - amulet of the acrobat
HPRegen 1.36/turn               c - ring of the Piercing Genius {EV+4 Dex+4}
MPRegen 0.14/turn               G - ring of the Sturgeon {rF++ rC+ EV+4}

@: strong-willed, on berserk cooldown, regenerating
A: horns 2, retaliatory headbutt
a: Renounce Religion, Berserk, Trog's Hand, Brothers in Arms


You were on level 4 of the Swamp.
You worshipped Trog.
Trog was extremely pleased with you.
You visited 5 branches of the dungeon, and saw 28 of its levels.
You also visited: Sewer, Ossuary, Bailey and Ice Cave.

You collected 3338 gold pieces.
You spent 1321 gold pieces at shops.

Inventory:

Hand Weapons
 r - a +4 vorpal battleaxe
 E - a +9 vorpal broad axe (weapon)
 X - a +4 executioner's axe of flaming
Missiles
 o - 2 throwing nets (quivered)
Armour
 b - the +4 scale mail of Disappointment (worn) {rPois rCorr Int+3}
   (You bought it in a shop on level 2 of the Orcish Mines)

   Int:       It affects your intelligence (+3).
   rPois:     It protects you from poison.
   rCorr:     It protects you from acid and corrosion.
 h - a +1 cloak
 p - a +2 hat (worn)
 q - a +3 crystal plate armour of cold resistance
 w - a +1 pair of boots (worn)
 A - a +0 pair of gloves (worn)
 O - a +0 cloak of cold resistance (worn)
 S - a +6 plate armour of fire resistance
 T - a +2 tower shield of reflection (worn)
Jewellery
 c - the ring of the Piercing Genius (left hand) {EV+4 Dex+4}
   (You acquired it on level 11 of the Dungeon)

   [ring of evasion]

   EV:        It affects your evasion (+4).
   Dex:       It affects your dexterity (+4).
 f - a ring of see invisible
 v - a +6 ring of strength
 G - the ring of the Sturgeon (right hand) {rF++ rC+ EV+4}
   (You took it off an orc warrior in a bailey)

   [ring of evasion]

   EV:        It affects your evasion (+4).
   rF:        It greatly protects you from fire.
   rC:        It protects you from cold.
 P - a ring of ice
 U - an amulet of the acrobat (around neck)
Wands
 k - a wand of polymorph (7)
 y - a wand of mindburst (22)
 B - a wand of iceblast (8)
 H - a wand of charming (9)
 M - a wand of flame (26)
 N - a wand of acid (31)
 Y - a wand of digging (4)
Scrolls
 a - 4 scrolls of identify
 m - 6 scrolls of fog
 s - 14 scrolls of teleportation
 t - 2 scrolls of silence
 x - 5 scrolls of fear
 I - a scroll of holy word
 L - a scroll of enchant weapon
 Z - 2 scrolls of summoning
Potions
 d - 3 potions of might
 e - a potion of heal wounds
 g - 6 potions of curing
 i - a potion of magic
 j - a potion of cancellation
 l - a potion of mutation
 u - 2 potions of lignification
 z - 3 potions of invisibility
 C - 5 potions of attraction
 D - 2 potions of resistance
 F - 3 potions of haste
 J - 4 potions of berserk rage
 K - 2 potions of flight
Miscellaneous
 n - a phial of floods
 Q - a box of beasts
 R - a piece from Xom's chessboard (15/15)
 V - a condenser vane


   Skills:
 * Level 18.7 Fighting
 - Level 18.0 Axes
 + Level 14.3 Armour
 * Level 13.0 Dodging
 + Level 14.2 Shields
 * Level 9.4 Evocations


You had 15 spell levels left.
You didn't know any spells.
Your spell library contained the following spells:

 Spells                   Type           Power      Damage    Failure   Level
 Corpse Rot               Necr/Air       0%         N/A       99%         2
 Ensorcelled Hibernation  Hex/Ice        0%         N/A       99%         2
 Passwall                 Tmut/Erth      0%         N/A       99%         2
 Gell's Gravitas          Tloc           0%         N/A       100%        3
 Swiftness                Air            0%         N/A       100%        3
 Teleport Other           Tloc           0%         N/A       100%        3
 Dispel Undead            Necr           0%         3d6       100%        4
 Iskenderun's Battlesphe  Conj           0%         2d6       100%        5
 Death Channel            Necr           0%         N/A       100%        6
 Dispersal                Tloc           0%         N/A       100%        6
 Iron Shot                Conj/Erth      0%         9d1       100%        6
 Spellforged Servitor     Conj/Summ      0%         N/A       100%        7


Dungeon Overview and Level Annotations

Branches:
Dungeon (15/15)            Temple (1/1) D:7            Lair (6/6) D:11
  Swamp (4/4) Lair:4       Spider (0/4) Lair:2        Slime (0/5) Lair:5
    Orc (2/2) D:12            Elf (0/3) Orc:2        Vaults (0/5) D:14
 Depths (0/4) D:15          Sewer (visited)         Ossuary (visited)
 Bailey (visited)           IceCv (visited)

Altars:
Ashenzari
Cheibriados
Dithmenos
Elyvilon
Fedhas
Gozag
Hepliaklqana
Kikubaaqudgha
Makhleb
Nemelex Xobeh
Okawaru
Qazlal
Ru
Sif Muna
Trog
Uskayaw
Vehumet
Wu Jian
Xom
Yredelemnul
Zin
The Shining One
Beogh
Lugonu

Shops:
D:4 ?   D:9 (   D:10 **   Orc:2 [**=(

Portals:
Abyss: Lair:6
Trove: D:10 (give 6 scrolls of blinking)

Annotations:
D:5 3 runed translucent doors, enile's ghost, amateur FoFi; seaofthunder's ghost, novice HOFi
D:13 2 transporters, greasedhog's ghost, journeyman FoAK


Innate Abilities, Weirdness & Mutations

You have a pair of horns on your head.
You reflexively headbutt those who attack you in melee.


Message History

The eight-headed hydra misses you.
The eight-headed hydra bites you but does no damage.
The eight-headed hydra misses you. The eight-headed hydra bites you.
* * * LOW HITPOINT WARNING * * *
The eight-headed hydra misses you. The swamp dragon completely misses you.
You furiously retaliate!
You headbutt the swamp dragon.
You kill the swamp dragon!
Trog accepts your kill.
You block the four-headed hydra's attack. x3
The four-headed hydra closely misses you.
The ten-headed hydra completely misses you.
You furiously retaliate!
You headbutt the ten-headed hydra.
The ten-headed hydra bites you but does no damage.
You block the ten-headed hydra's attack.
The ten-headed hydra misses you. x2
The ten-headed hydra completely misses you.
The ten-headed hydra misses you. The ten-headed hydra bites you.
* * * LOW HITPOINT WARNING * * *
The ten-headed hydra completely misses you. x2
Your magical effects are unravelling.
You feel magically purged.
You feel yourself speed up.
The eight-headed hydra closely misses you.
You furiously retaliate!
You headbutt the eight-headed hydra! The eight-headed hydra bites you.
* * * LOW HITPOINT WARNING * * *
The eight-headed hydra barely misses you.
You block the eight-headed hydra's attack.
The eight-headed hydra misses you.
You block the eight-headed hydra's attack. x3
The four-headed hydra bites you!
* * * LOW HITPOINT WARNING * * *
The four-headed hydra bites you but does no damage.
You block the four-headed hydra's attack.
The four-headed hydra bites you but does no damage.
The ten-headed hydra misses you. You furiously retaliate!
You headbutt the ten-headed hydra. The ten-headed hydra misses you. x2
The ten-headed hydra bites you but does no damage.
The ten-headed hydra bites you!
You die...

≈≈.♣..≈≈.≈≈≈♣♣♣♣≈≈≈.♣♣
..≈♣♣.≈≈...(♣♣♣....≈≈♣♣
♣♣♣♣♣§..≈≈..♣♣≈(≈≈≈§≈.♣
♣≈♣♣.≈≈≈.≈♣≈[≈≈≈.≈♣♣ ♣♣
♣≈≈≈≈.♣≈†≈†≈≈≈≈♣
♣≈♣♣♣♣♣♣≈.≈..≈♣♣ ♣♣
♣.≈....♣♣ ####
♣♣≈≈...≈♣ ##☼○≈#
♣♣@D≈.≈♣ #○○.≈ ♣♣DD≈.≈♣
#○°# ♣≈≈§≈≈.♣ #♣D####
♣≈≈≈≈§≈♣ #≈.≈[)##
♣♣§≈≈.♣♣ ≈...≈≈†##
♣♣≈...≈♣ .)†###≈≈##
♣....[≈♣ .### ##≈.##
♣♣...≈.♣♣ .
##††###♣.≈..(♣♣


You could see a ten-headed hydra, an eight-headed hydra and a four-headed hydra.

Vanquished Creatures
  An Ice Fiend (IceCv)
  Louise (D:15)
  The ghost of aChris07 the Convoker, a journeyman MfSu of Sif Muna (Lair:6)
  2 eleionomae (Swamp:2)
  2 bunyips
  A dire elephant (Lair:5)
  2 boulder beetles
  A caustic shrike simulacrum (IceCv)
  2 ice dragons (D:15)
  A rakshasa (D:15)
  A vault guard (D:14)
  2 ogre magi
  A catoblepas (Lair:6)
  19 hydras
  4 centaur warriors
  5 death yaks
  6 two-headed ogres
  5 alligators
  4 thrashing horrors (Lair:6)
  3 orc high priests (Orc:2)
  2 spriggan berserkers (Swamp:4)
  A tengu warrior (D:15)
  Urug (D:11)
  5 goliath frogs
  A spriggan druid (Swamp:2)
  5 spriggan simulacra (IceCv)
  An obsidian statue (IceCv)
  4 bog bodies
  10 swamp dragons
  2 lindwurms
  7 orc knights
  3 deep elf pyromancers
  3 cyclopes
  2 orc sorcerers (Orc:2)
  An oklob plant (D:11)
  3 ugly things
  A manticore (D:14)
  4 will-o-the-wisps
  5 elephants
  An ice statue (Swamp:3)
  2 moths of wrath (Lair:6)
  2 torpor snails
  A cane toad (shapeshifter) (Lair:6)
  4 black mambas
  11 cane toads
  2 smoke demons (Lair:6)
  3 unseen horrors
  Maggie (D:7)
  A gargoyle (D:12)
  8 komodo dragons
  2 freezing wraiths (IceCv)
  6 rime drakes
  4 entropy weaver simulacra (IceCv)
  2 ancient zymes (Lair:6)
  7 ice devils (IceCv)
  A tengu conjurer (D:15)
  A golden dragon simulacrum (IceCv)
  A queen bee (Lair:1)
  4 polar bears
  12 trolls
  10 tyrant leeches
  9 dream sheep (Lair:6)
  Grinder (D:3)
  18 blink frogs
  16 slime creatures
  Sigmund (D:4)
  2 hornets
  A meliai zombie (D:10)
  7 spriggans
  16 wyverns
  A shadow (D:12)
  10 small abominations (Lair:6)
  4 wraiths
  2 ynoxinuls (Lair:6)
  A human (shapeshifter) (Lair:6)
  11 humans (D:14)
  59 yaks
  A steam dragon (D:8)
  4 dire elephant simulacra (IceCv)
  3 large abominations (Lair:6)
  19 vampire mosquitoes
  7 basilisks
  9 minotaur simulacra (IceCv)
  18 swamp worms
  3 harpy simulacra (IceCv)
  3 acid dragons
  8 water moccasins
  A hell hound (Lair:5)
  45 orc warriors
  A hydra simulacrum (IceCv)
  A sky beast (D:6)
  A necrophage (D:7)
  2 alligator simulacra (IceCv)
  2 ettin simulacra (IceCv)
  9 swamp drakes
  15 ogres
  18 centaurs
  3 wolves (Lair:6)
  4 kobold brigands
  2 phantoms
  19 bullfrogs
  A gnoll sergeant (D:10)
  3 scorpions
  3 water moccasin zombies (Ossuary)
  2 wyvern zombies
  8 deep troll simulacra (IceCv)
  A water moccasin skeleton (D:6)
  2 lindwurm simulacra (IceCv)
  36 killer bees
  5 howler monkeys
  3 electric eels (D:11)
  8 centaur zombies
  7 bullfrog zombies
  A bullfrog skeleton (D:6)
  4 jellies
  7 hounds
  12 orc priests
  5 iguanas
  23 orc wizards
  8 hell rats (Lair:5)
  4 killer bee zombies
  2 hound skeletons
  14 mummies (Ossuary)
  Robin (D:2)
  3 howler monkey zombies
  5 gnolls (D:10)
  10 adders
  4 river rats (Sewer)
  4 shadow imps
  An ufetubus (D:7)
  A worm (D:2)
  2 dart slugs (D:2)
  83 orcs
  20 ball pythons
  8 endoplasms
  5 giant cockroaches
  11 goblins
  12 hobgoblins
  23 kobolds
  4 quokkas
  6 bats
  4 frilled lizards
  28 rats
962 creatures vanquished.

Vanquished Creatures (collateral kills)
  Mlioglotl (Swamp:1)
  An orc warlord (Orc:2)
  Josephine (Lair:3)
  4 death yaks (Lair:3)
  An ogre (Orc:2)
  An orc wizard (Orc:2)
  An orc (Orc:2)
10 creatures vanquished.

Vanquished Creatures (others)
  A komodo dragon (Lair:5)
  2 bloated husks
  An orc warrior (Bailey)
  An orc (Orc:2)
  14 foxfires
  42 fungi
  20 plants
  7 toadstools (Lair:5)
  6 withered plants
94 creatures vanquished.

Grand Total: 1066 creatures vanquished

Notes
Turn   | Place    | Note
-------+----------+-------------------------------------------
     0 | D:1      | Starlo the Minotaur Fighter began the quest for the Orb.
     0 | D:1      | Reached XP level 1. HP: 19/19 MP: 0/0
   129 | D:1      | Found a faded altar of an unknown god.
   711 | D:2      | Reached XP level 2. HP: 26/27 MP: 1/1
  1028 | D:2      | Reached XP level 3. HP: 25/33 MP: 2/2
  1227 | D:2      | Reached skill level 1 in Dodging
  1284 | D:2      | Noticed Robin
  1336 | D:2      | Killed Robin
  1361 | D:2      | Reached XP level 4. HP: 34/40 MP: 3/3
  1800 | D:3      | Noticed Grinder
  1800 | D:3      | Noticed an orc warrior
  2342 | D:3      | Reached XP level 5. HP: 47/47 MP: 4/4
  2430 | D:3      | Killed an orc warrior
  2431 | D:3      | Reached skill level 5 in Axes
  2613 | D:3      | Paralysed by Grinder for 5 turns
  2619 | D:3      | Killed Grinder
  2620 | D:3      | Reached skill level 5 in Armour
  2620 | D:3      | Reached XP level 6. HP: 13/55 MP: 5/5
  2963 | D:4      | Found Mojec's Magic Scroll Shoppe.
  3067 | D:4      | Noticed Sigmund
  3359 | D:4      | Killed Sigmund
  3360 | D:4      | Reached skill level 5 in Fighting
  3360 | D:4      | Reached XP level 7. HP: 50/61 MP: 6/6
  4148 | D:5      | Entered Level 5 of the Dungeon
  4686 | D:5      | Reached XP level 8. HP: 56/70 MP: 7/7
  5045 | D:5      | Found a runed translucent gate.
  5045 | D:5      | Found a runed translucent gate.
  5045 | D:5      | Found a runed translucent gate.
  5045 | D:5      | Noticed enile's ghost (amateur FoFi)
  5045 | D:5      | Noticed seaofthunder's ghost (novice HOFi)
  5339 | D:6      | Found a glowing drain.
  5353 | Sewer    | Entered a sewer
  6366 | D:6      | Reached skill level 10 in Axes
  6366 | D:6      | Reached XP level 9. HP: 71/78 MP: 8/8
  6699 | D:7      | Found a staircase to the Ecumenical Temple.
  6709 | D:7      | You fall into a shaft and drop 2 floors!
  6917 | D:9      | Reached skill level 5 in Shields
  7003 | D:9      | Reached skill level 5 in Dodging
  7133 | D:9      | Found Yrobli Erety's Weapon Emporium.
  7140 | D:9      | Noticed a two-headed ogre
  7153 | D:9      | Killed a two-headed ogre
  7265 | D:9      | Bought a +0 broad axe for 44 gold pieces
  7539 | D:9      | Noticed a troll
  7547 | D:9      | Killed a troll
  7548 | D:9      | Reached XP level 10. HP: 72/88 MP: 9/9
  8038 | D:8      | Identified the +0 robe "Qoor Alu" {Regen+ rCorr Dex-2
                  | Archmagi}
  8041 | D:8      | Reached skill level 1 in Evocations
  8114 | D:8      | Found a sand-covered staircase.
  8146 | Ossuary  | Entered an ossuary
  9569 | D:7      | Noticed Maggie
  9798 | D:7      | Killed Maggie
  9843 | Temple   | Entered the Ecumenical Temple
 10157 | Temple   | Became a worshipper of Trog the Wrathful
 10775 | D:10     | Entered Level 10 of the Dungeon
 10881 | D:10     | Found a burning altar of Makhleb.
 10960 | D:10     | Found a flagged portal.
 10968 | Bailey   | Entered a bailey
 11202 | Bailey   | Reached XP level 11. HP: 81/97 MP: 10/10
 11346 | Bailey   | Reached * piety under Trog
 12303 | Bailey   | Identified the +1 triple sword of the Wraith {vorpal,
                  | Str+4}
 12303 | Bailey   | Identified the ring of the Sturgeon {rF++ rC+ EV+4}
 13165 | D:10     | Found a portal to a secret trove of treasure.
 13502 | D:10     | Found Ginamij's Specific Store.
 13502 | D:10     | Found Ycuph's General Store.
 13515 | D:10     | Bought a scroll of enchant weapon for 97 gold pieces
 13515 | D:10     | Bought a scroll of identify for 26 gold pieces
 14050 | D:10     | Reached ** piety under Trog
 14057 | D:11     | Reached skill level 15 in Axes
 14060 | D:11     | Reached skill level 10 in Fighting
 14184 | D:11     | Noticed a two-headed ogre
 14186 | D:11     | Noticed a lindwurm
 14186 | D:11     | a two-headed ogre changed into a lindwurm
 14191 | D:11     | Killed a lindwurm
 14312 | D:11     | Noticed Urug
 14321 | D:11     | Killed Urug
 14709 | D:11     | Found a staircase to the Lair.
 14712 | D:11     | Noticed an oklob plant
 15330 | D:12     | Noticed a two-headed ogre
 15338 | D:12     | Killed a two-headed ogre
 15374 | D:12     | Found a staircase to the Orcish Mines.
 15673 | D:12     | Noticed a deep elf pyromancer
 15702 | D:12     | Killed a deep elf pyromancer
 15703 | D:12     | Reached XP level 12. HP: 87/108 MP: 11/11
 16254 | D:12     | Identified a scroll of acquirement
 16428 | D:13     | Found a transporter.
 16428 | D:13     | Noticed a centaur warrior
 16434 | D:13     | Killed a centaur warrior
 16435 | D:13     | Reached skill level 10 in Armour
 16456 | D:13     | Noticed greasedhog's ghost (journeyman FoAK)
 16459 | D:13     | Found a transporter.
 16591 | D:13     | Found a glowing golden altar of the Shining One.
 16592 | D:13     | Noticed a two-headed ogre
 16598 | D:13     | Killed a two-headed ogre
 16650 | D:13     | Noticed a centaur warrior
 16666 | D:13     | Killed a centaur warrior
 17933 | D:14     | Noticed a boulder beetle
 17948 | D:14     | Killed a boulder beetle
 18070 | D:14     | Noticed a vault guard
 18080 | D:14     | Reached *** piety under Trog
 18089 | D:14     | Killed a vault guard
 18156 | D:14     | Found a gate to the Vaults.
 18344 | D:14     | Found a radiant altar of Vehumet.
 18484 | D:14     | Noticed a centaur warrior
 18490 | D:14     | Noticed an eight-headed hydra
 18491 | D:14     | Killed a centaur warrior
 18505 | D:14     | Killed an eight-headed hydra
 18507 | D:14     | Reached XP level 13. HP: 52/118 MP: 12/12
 18970 | D:15     | Entered Level 15 of the Dungeon
 19343 | D:15     | Paralysed by an ogre mage for 5 turns
 19914 | D:15     | Reached skill level 5 in Evocations
 19987 | D:15     | Noticed Louise
 19998 | D:15     | Killed Louise
 20147 | D:15     | Found a staircase to the Depths.
 20588 | Orc:1    | Entered Level 1 of the Orcish Mines
 20821 | Orc:2    | Entered Level 2 of the Orcish Mines
 21032 | Orc:2    | Found Tigaydi's General Store.
 21130 | Orc:2    | Found Yxkop's Antique Armour Boutique.
 21139 | Orc:2    | Bought a wand of flame (4) for 54 gold pieces
 22054 | Orc:2    | Reached **** piety under Trog
 22446 | Orc:2    | Found Kokomuh's Jewellery Shop.
 22446 | Orc:2    | Noticed an orc warlord
 22455 | Orc:2    | Killed an orc warlord
 22545 | Orc:2    | Found Afiemn's General Store.
 22572 | Orc:2    | Paralysed by an orc sorcerer for 6 turns
 22793 | Orc:2    | Reached skill level 10 in Dodging
 22823 | Orc:2    | Reached XP level 14. HP: 132/132 MP: 13/13
 22828 | Orc:2    | Found a staircase to the Elven Halls.
 22846 | Orc:2    | Found Itzusim's Antique Weapon Emporium.
 24028 | Orc:1    | You fall into a shaft and drop 1 floor!
 24129 | Orc:1    | Found a bloodstained altar of Trog.
 24228 | Orc:2    | Bought an amulet of the acrobat for 450 gold pieces
 24312 | D:11     | Acquired the ring of the Piercing Genius {EV+4 Dex+4}
 24398 | Lair:1   | Entered Level 1 of the Lair of Beasts
 24830 | Lair:1   | Reached ***** piety under Trog
 25009 | Lair:1   | You fall into a shaft and drop 1 floor!
 26371 | Lair:2   | Found a hole to the Spider Nest.
 26669 | Lair:2   | Received a gift from Trog
 27063 | Lair:3   | Reached skill level 15 in Fighting
 28066 | Lair:4   | Noticed Josephine
 28077 | Lair:3   | Killed Josephine
 28078 | Lair:3   | Reached skill level 10 in Shields
 28881 | Lair:4   | Found a staircase to the Swamp.
 29110 | Lair:4   | Reached XP level 15. HP: 130/143 MP: 14/14
 29936 | Lair:5   | Found a runed translucent door.
 30024 | Lair:5   | Found a staircase to the Slime Pits.
 30878 | Lair:6   | Entered Level 6 of the Lair of Beasts
 30978 | Lair:6   | Received a gift from Trog
 31510 | Lair:6   | Found a corrupted altar of Lugonu.
 31510 | Lair:6   | Found a one-way gate to the infinite horrors of the Abyss.
 31992 | Lair:6   | Found a transporter.
 31997 | Lair:6   | Found a bloodstained altar of Trog.
 31997 | Lair:6   | Noticed aChris07's ghost (journeyman MfSu)
 32029 | Lair:6   | Found a transporter.
 32440 | Lair:6   | Killed aChris07's ghost
 33130 | Orc:2    | Bought a potion of haste for 110 gold pieces
 33130 | Orc:2    | Bought a scroll of identify for 22 gold pieces
 33130 | Orc:2    | Bought the +4 scale mail of Disappointment {rPois rCorr
                  | Int+3} for 518 gold pieces
 33350 | Swamp:1  | Entered Level 1 of the Swamp
 34049 | Swamp:1  | Received a gift from Trog
 34317 | Swamp:2  | Noticed Mlioglotl
 34440 | Swamp:1  | Killed Mlioglotl
 34441 | Swamp:1  | Reached XP level 16. HP: 156/156 MP: 15/15
 35442 | Swamp:3  | Found a frozen archway.
 35467 | IceCv    | Entered an ice cave
 36568 | IceCv    | Noticed an Ice Fiend
 36588 | IceCv    | Killed an Ice Fiend
 36819 | IceCv    | Identified the +4 ring mail of Vubon {rPois rCorr Str+4}
 37224 | Swamp:3  | Found a bloodstained altar of Trog.
 37668 | Swamp:4  | Entered Level 4 of the Swamp
 38039 | Swamp:4  | HP: 5/159 [four-headed hydra (11)]
 38039 | Swamp:4  | Slain by a ten-headed hydra

Illustrated notes

Levels and vault maps discovered:
D:1:      dpeg_arrival_radiant, layout_loops_cross,
          shapermc_ecumenical_altar_mp_urbaneastern
D:2:      minmay_skewed_foursquare, layout_loops_ring, uniq_robin
D:3:      layout_rooms, hangedman_abyss_or_decor_lesser_grid,
          minmay_misc_feat_room, uniq_grinder
D:4:      layout_layer_cave, serial_shops, kennysheep_little_box, uniq_sigmund
D:5:      layout_loops_ring, gammafunk_ghost_cemetery, minivault_27,
          hangedman_decor_push
D:6:      layout_loops_ring, portal_sewer_entry_f
D:7:      layout_cave_pools, minmay_temple_entry_grid, grunt_decor_mini_mirrors,
          ebering_dispersal_statue_hall, minmay_misc_feat_alley, uniq_maggie
D:8:      layout_cave_pods, nicolae_ossuary_entry_ruins
D:9:      layout_roguey, serial_shops, nicolae_shop_bloodbath_and_beyond
D:10:     layout_basic, old_standard_altar, enter_bailey_7,
          nicolae_trove_entry_crossroad, nicolae_specific_store
D:11:     layout_basic, dpeg_oklobed_lair, uniq_urug
D:12:     layout_loops_cross, minmay_orc_entry_temple_small
D:13:     layout_irregular_city, gammafunk_ghost_mausoleum, tso_metal_star
D:14:     layout_loops_ring, ximxim_vaults_locker_room,
          nicolae_vehumet_altar_sigil
D:15:     grunt_enter_depths_hoard, layout_long_grid, minmay_misc_feat_chi,
          uniq_louise
Temple:   mainiacjoe_temple_circle_huts
Lair:1:   layout_cave_pods, special_room [special_room_bee]
Lair:2:   layout_cave_pods, spider_nest_entry_web_field
Lair:3:   layout_chaotic_city, cheibrodos_lair_lostbears
Lair:4:   layout_small_grid, swamp_mist_pool, uniq_josephine
Lair:5:   gammafunk_lair_enchanted_lake, layout_misc_corridors,
          nicolae_slime_entry_slimehenge, special_room
          [special_room_mythical_zoo], grunt_megastairs_1
Lair:6:   hellmonk_lair_end_abyssal_woods, layout_loops_ring,
          gammafunk_ghost_wrathful_warriors
Swamp:1:  layout_basic_swamp, evilmike_swamp_ruin_house_6,
          infiniplex_staircase_pool_2
Swamp:2:  layout_basic_swamp, evilmike_swamp_ruin_house_2, swamp_pool4,
          uniq_mlioglotl
Swamp:3:  layout_basic_swamp, portal_ice_cave_entry_ice_statue_one,
          nicolae_swamp_godswood
Swamp:4:  swamp_basic_johnstein, layout_basic_swamp, swamp_pool1
Orc:1:    layout_diamond_mine, basic_altar, serial_shops
Orc:2:    grunt_orc_gardens, layout_diamond_mine, grunt_orc_garden,
          grunt_orc_garden, grunt_orc_garden, grunt_orc_garden, basic_altar,
          serial_shops, nicolae_shop_behind_doors, mines4_lemuel

Skill      XL: |  1  2  3  4  5  6  7  8  9 10 11 12 13 14 15 16 |
---------------+-------------------------------------------------+-----
Fighting       | 4 5 6 8 9 10 12 14 15 17 18 | 18.7
Armour         | 4 5 6 7 8 9 10 11 12 13 14 | 14.3
Shields        | 4 5 6 8 10 12 14 | 14.2
Dodging        | 1 2 3 4 5 6 7 8 10 11 12 13 | 13.0
Axes           | 3 4 6 7 10 12 14 15 17 18 | 18.0
Evocations     | 2 3 4 6 7 8 9 |  9.4

Action                   |  1- 3 |  4- 6 |  7- 9 | 10-12 | 13-15 | 16-18 || total
-------------------------+-------+-------+-------+-------+-------+-------++-------
Melee: War axe           |    76 |    66 |   252 |       |       |       ||   394
       Headbutt          |    10 |     9 |    36 |   105 |   171 |   105 ||   436
       Broad axe         |       |       |    13 |   504 |   903 |   391 ||  1811
Invok: Berserk           |       |       |       |     9 |    24 |     7 ||    40
       Trog's Hand       |       |       |       |     1 |     5 |     2 ||     8
       Brothers in Arms  |       |       |       |       |     4 |     1 ||     5
Evoke: Wand              |       |       |     3 |    22 |    19 |    18 ||    62
       Condenser vane    |       |       |       |       |     1 |       ||     1
  Use: Scroll            |       |     2 |     5 |    19 |    21 |     2 ||    49
       Potion            |       |     2 |       |     3 |     1 |     3 ||     9
 Stab: Distracted        |       |       |       |       |     2 |       ||     2
       Confused          |       |       |       |       |       |     1 ||     1
Armor: Scale mail        |    42 |    20 |       |       |    17 |   109 ||   188
       Chain mail        |       |     6 |   115 |       |       |       ||   121
       Plate armour      |       |       |    10 |   344 |   273 |       ||   627
       Crystal plate arm |       |       |       |       |       |    30 ||    30
Dodge: Dodged            |    34 |    22 |   116 |   267 |   467 |   350 ||  1256
Block: Buckler           |    22 |    14 |    57 |   140 |       |       ||   233
       Kite shield       |       |       |       |     4 |    26 |       ||    30
       Tower shield      |       |       |       |       |   808 |   447 ||  1255
       Reflection        |       |       |       |       |    12 |     9 ||    21
